 Dungeon Crawl Stone Soup version 0.20.1-1-g8b1a95d (webtiles) character file.

93 Folque the Magician (level 4, -2/43 HPs)
             Began as an Octopode Wizard on Nov 10, 2017.
             Slain by Sigmund
             ... wielding a +0 scythe
              (9 damage)
             ... on level 2 of the Dungeon.
             The game lasted 00:07:50 (2266 turns).

Folque the Magician (Octopode Wizard)               Turns: 2266, Time: 00:07:50

Health: -2/43      AC:  2    Str: 11    XL:     4   Next: 61%
Magic:  2/9        EV: 13    Int: 26    God:
Gold:   64         SH:  0    Dex: 10    Spells: 2/10 levels left

rFire    . . .     SeeInvis .   f - +0 war axe
rCold    . . .     Gourm    .   (no shield)
rNeg     . . .     Faith    .   a - +1 hat
rPois    .         Spirit   .   (no amulet)
rElec    .         Reflect  .   (no ring)
rCorr    .         Harm     .   (no ring)
MR       .....                  (no ring)
Stlth    ..........             (no ring)
Regen    0.2/turn               (no ring)
MPRegen  0.2/turn               (no ring)
                                (no ring)
                                (no ring)

@: brilliant, berserking (expiring), very quick
A: almost no armour, stealthy swim, amphibious, 8 rings, constrict 8, camouflage
1, gelatinous body 1
a: no special abilities


You were on level 2 of the Dungeon.
You were not hungry.

You visited 1 branch of the dungeon, and saw 2 of its levels.

You collected 64 gold pieces.

Inventory:

Hand Weapons
 e - a +1 hand axe
 f - a +0 war axe (weapon)
Armour
 a - a +1 hat (worn)
Scrolls
 j - 2 scrolls of amnesia
Potions
 h - a potion of cancellation
 p - a potion of haste {unknown}
Books
 b - a book of Minor Magic

   Spells                             Type                      Level
   a - Magic Dart                     Conjuration                  1
   b - Blink                          Translocation                2
   c - Call Imp                       Summoning                    2
   d - Slow                           Hexes                        2
   e - Conjure Flame                  Conjuration/Fire             3
   f - Mephitic Cloud                 Conjuration/Poison/Air       3
Comestibles
 c - 2 bread rations
 d - 3 chunks of flesh
 i - 2 meat rations


   Skills:
 - Level 2.0 Fighting
 - Level 2.0 Dodging
 - Level 2.6 Stealth
 + Level 3.8 Spellcasting
 + Level 1.6 Conjurations
 - Level 1.0 Summonings
 - Level 1.0 Translocations
 * Level 1.7 Poison Magic


You had 2 spell levels left.
You knew the following spells:

 Your Spells              Type           Power        Failure   Level  Hunger
a - Magic Dart            Conj           ####         1%          1    None
b - Call Imp              Summ           ####....     1%          2    None
c - Blink                 Tloc           N/A          1%          2    None
d - Mephitic Cloud        Conj/Pois/Air  ####....     1%          3    ##.....


Dungeon Overview and Level Annotations

Branches:
Dungeon (2/15)

Altars:
Dithmenos
Gozag
Kikubaaqudgha
Ru

Annotations:
D:2 Sigmund


Innate Abilities, Weirdness & Mutations

You cannot wear most types of armour.
You are very stealthy in the water. (Stealth+)
You are amphibious.
You can wear up to eight rings at the same time.
You can use your tentacles to constrict eight enemies at once.
Your skin changes colour to match your surroundings (Stealth+).
Your rubbery body absorbs attacks. (AC +1, EV +1)


Message History

The bat closely misses you.
You hit the bat but do no damage. You grab the bat.
The bat is severely wounded.
You constrict the bat.
You kill the bat!
You start resting.
It was a potion of brilliance.
You feel clever all of a sudden.
It was a potion of berserk rage.
A red film seems to cover your vision as you go berserk!
You feel yourself moving faster!
You feel mighty!
You feel a strong urge to attack something.
You feel your anger subside.
Sigmund mumbles some strange words.
Sigmund flickers and vanishes!
Deactivating autopickup; reactivate with Ctrl-A.
You slash something! Something hits you but does no damage.
You closely miss something. You squeeze something. You slash something!
Something hits you!
You die... ....# ....# ....# ....# ....# #### ....# # #..# ....# ##)## ##.# ##..# #)#P## #.# ....# PPPP#

#@# ###.# ##..##
#{# (...###....###
#.# .............#
#.# ####.......#
#.#
####@....#.#####.#
.##..............#
.##.........######
.##...†.....#


There were no monsters in sight!

Vanquished Creatures
  2 dart slugs (D:1)
  2 leopard geckos (D:2)
  2 giant cockroaches (D:2)
  12 goblins
  6 hobgoblins
  7 jackals
  2 kobolds (D:1)
  4 bats
  3 frilled lizards
  6 rats
46 creatures vanquished.

Vanquished Creatures (collateral kills)
  Natasha (D:2)
  2 adders (D:2)
  An ooze (D:2)
  A worm (D:2)
  A hobgoblin (D:2)
  2 jackals (D:2)
  A frilled lizard (D:2)
  2 goblins (D:2)
  A rat (D:2)
12 creatures vanquished.

Grand Total: 58 creatures vanquished

Notes
Turn   | Place    | Note
-------+----------+-------------------------------------------
     0 | D:1      | Folque the Octopode Wizard began the quest for the Orb.
     0 | D:1      | Reached XP level 1. HP: 11/11 MP: 4/4
   271 | D:1      | Reached skill level 1 in Fighting
   271 | D:1      | Reached XP level 2. HP: 10/18 MP: 6/6
   512 | D:1      | Learned a level 2 spell: Call Imp
   515 | D:1      | Learned a level 2 spell: Blink
  1110 | D:1      | Reached XP level 3. HP: 14/23 MP: 0/8
  1115 | D:1      | Learned a level 3 spell: Mephitic Cloud
  1547 | D:2      | Found an opulent altar of Gozag.
  1597 | D:2      | Found a shadowy altar of Dithmenos.
  1597 | D:2      | Found an ancient bone altar of Kikubaaqudgha.
  1598 | D:2      | Found a sacrificial altar of Ru.
  1770 | D:2      | Noticed Natasha
  1878 | D:2      | Killed Natasha
  1878 | D:2      | Reached skill level 1 in Poison Magic
  1878 | D:2      | Reached XP level 4. HP: 19/29 MP: 0/9
  2214 | D:2      | Noticed Sigmund
  2266 | D:2      | Slain by Sigmund

Skill      XL: |  1  2  3 |
---------------+----------+-----
Fighting       | 1 2 |  2.0
Poison Magic   | 1 |  1.7
Dodging        | |  2.0
Stealth        | |  2.6
Spellcasting   | |  3.8
Conjurations   | |  1.6
Summonings     | |  1.0
Translocations | |  1.0

Action                   |  1- 3 |  4- 6 || total
-------------------------+-------+-------++-------
Melee: Hand axe          |    69 |    23 ||    92
       Constrict         |    22 |    12 ||    34
       Unarmed           |     4 |       ||     4
       Tentacles         |     5 |     5 ||    10
       War axe           |       |    18 ||    18
 Cast: Magic Dart        |    18 |     5 ||    23
       Call Imp          |     8 |     3 ||    11
       Mephitic Cloud    |     2 |     3 ||     5
       Blink             |     1 |     2 ||     3
  Use: Scroll            |     7 |       ||     7
       Potion            |       |     4 ||     4
 Stab: Sleeping          |     6 |       ||     6
  Eat: Chunk             |     3 |     2 ||     5
Armor: Skin              |     5 |     7 ||    12
Dodge: Dodged            |    54 |    35 ||    89
